 Dungeon Crawl Stone Soup version 0.28.0-49-g6dfe1f597d (webtiles) character file.

Game seed: 13585999061449139063

182 Peloso the Covered (level 5, 0/41 (47) HPs)
             Began as a Minotaur Fighter on May 12, 2022.
             Slain by a hell rat (1 damage)
             ... in a sewer.
             The game lasted 00:03:57 (2048 turns).

Peloso the Covered (Minotaur Fighter)               Turns: 2048, Time: 00:03:58

HP:   0/41 (47)     AC:  7    Str: 21    XL:     5   Next: 34%
MP:   4/4           EV:  9    Int:  5    God:
Gold: 44            SH:  4    Dex: 11    Spells: 4/4 levels left

rFire   . . .      SeeInvis .   a - +0 long sword
rCold   . . .      Faith    .   c - +0 buckler
rNeg    . . .      Spirit   .   b - +0 scale mail
rPois   .          Reflect  .   (helmet restricted)
rElec   .          Harm     .   (no cloak)
rCorr   .          Rampage  .   (no gloves)
Will    .....                   (no boots)
Stlth   ..........              (no amulet)
HPRegen 0.13/turn               (no ring)
MPRegen 0.09/turn               (no ring)

@: heavily drained
A: horns 2, retaliatory headbutt
a: no special abilities


You were in a sewer.
You visited 1 branch of the dungeon, and saw 3 of its levels.
You also visited: Sewer.

You collected 44 gold pieces.

Inventory:

Hand Weapons
 a - a +0 long sword (weapon)
Armour
 b - a +0 scale mail (worn)
 c - a +0 buckler (worn)
Jewellery
 g - a ring of protection from fire
Scrolls
 h - 2 scrolls of noise {unknown}
 i - a scroll of blinking
Potions
 d - a potion of might
 e - a potion of curing {unknown}
 f - a potion of heal wounds
 j - a potion of flight {unknown}


   Skills:
 + Level 4.5 Fighting
 + Level 4.2 Long Blades
 + Level 4.9 Armour
 + Level 1.3 Dodging
 + Level 0.4 Stealth
 + Level 4.2 Shields


You had 4 spell levels left.
You didn't know any spells.
Your spell library was empty.

Dungeon Overview and Level Annotations

Branches:
Dungeon (3/15)              Sewer (1/1)

Altars:

Shops:
D:1 =

Annotations:
D:2 Sigmund


Innate Abilities, Weirdness & Mutations

You have a pair of horns on your head.
You reflexively headbutt those who attack you in melee.


Message History

The river rat bites you but does no damage.
You hit the river rat. Your headbutt misses the river rat.
The river rat is lightly wounded.
The river rat bites you.
You slash the river rat!
The river rat is severely wounded.
You block the river rat's attack.
You closely miss the river rat.
The river rat is severely wounded.
The river rat bites you.
You hit the river rat.
You kill the river rat!
You enter the shallow water.
Moving in this stuff is going to be slow.
You enter the shallow water.
Moving in this stuff is going to be slow.
You enter the shallow water.
Moving in this stuff is going to be slow.
You enter the shallow water.
Moving in this stuff is going to be slow.
You open the door.
A hell rat comes into view.
The hell rat roars deafeningly!
Found 2 pink potions, a scroll labelled JOSTRU FEAMING and a murky cyan potion.
Found a gate leading back out of this place.
The hell rat splashes around in the water.
You closely miss the hell rat. The hell rat bites you!
You feel drained.
You hit the hell rat but do no damage.
The hell rat splashes around in the water. x2
You closely miss the hell rat. The hell rat barely misses you.
The hell rat bites you!
* * * LOW HITPOINT WARNING * * *
You feel drained.
* * * LOW HITPOINT WARNING * * *
You hit the hell rat. Your headbutt misses the hell rat.
The hell rat is lightly wounded.
The hell rat bites you!
* * * LOW HITPOINT WARNING * * *
You feel drained.
You die...

#########
###≈≈≈≈≈..###
#≈≈≈≈≈≈≈r@..###
≈≈≈≈##'##≈≈.≈.#
≈. #.≈ ###.≈.##
≈≈≈r ##.≈≈# ≈
≈≈.≈≈ #≈≈.#
≈.##.!?! ##≈≈.#
≈≈≈###!∩
###≈..##
≈...≈#####≈≈.≈.#
#≈≈...∩..≈.≈###


You could see a hell rat.

Vanquished Creatures
  An ogre (D:3)
  A river rat (Sewer)
  3 adders (D:3)
  A dart slug (D:1)
  An orc (D:3)
  6 ball pythons
  3 endoplasms
  2 giant cockroaches
  6 goblins
  8 hobgoblins
  A quokka (D:1)
  4 bats
  3 frilled lizards
  6 kobolds
  7 rats
53 creatures vanquished.

Vanquished Creatures (others)
  A plant (D:1)
1 creature vanquished.

Grand Total: 54 creatures vanquished

Notes
Turn   | Place    | Note
-------+----------+-------------------------------------------
     0 | D:1      | Peloso the Minotaur Fighter began the quest for the Orb.
     0 | D:1      | Reached XP level 1. HP: 19/19 MP: 0/0
   103 | D:1      | Reached XP level 2. HP: 9/27 MP: 1/1
   460 | D:1      | Found Ynuotebe's Jewellery Emporium.
  1244 | D:2      | Reached XP level 3. HP: 29/33 MP: 2/2
  1379 | D:2      | Noticed Sigmund
  1429 | D:3      | Noticed an ogre
  1546 | D:3      | Killed an ogre
  1547 | D:3      | Reached XP level 4. HP: 11/41 MP: 3/3
  1602 | D:3      | Reached XP level 5. HP: 16/47 MP: 4/4
  1722 | D:3      | Found a glowing drain.
  1725 | D:3      | Reached skill level 1 in Dodging
  1751 | Sewer    | Entered a sewer
  2048 | Sewer    | HP: 1/43 [hell rat (10)]
  2048 | Sewer    | Slain by a hell rat

Illustrated notes

Levels and vault maps discovered:
D:1:      shiori_shiawase, layout_loops_ring, serial_forest,
          infiniplex_forest_clump_C, infiniplex_forest_end_1,
          infiniplex_forest_clump_small, infiniplex_forest_clump_C,
          infiniplex_forest_lined_corner, infiniplex_forest_lined_3_way,
          serial_shops, shop
D:2:      layout_loops_corners, basic_altar, shapermc_ecumenical_altar_pompeii,
          uniq_sigmund, uniq_crazy_yiuf_cottage
D:3:      layout_loops_ring, portal_sewer_entry_c
Sewer:    sewer_hellmonk_bad_rat

Skill      XL: |  1  2  3  4  5 |
---------------+----------------+-----
Shields        | 4 |  4.2
Armour         | 4 |  4.9
Fighting       | 4 |  4.5
Long Blades    | 4 |  4.2
Dodging        | 1 |  1.3
Stealth        | |  0.4

Action                   |  1- 3 |  4- 6 || total
-------------------------+-------+-------++-------
Melee: Long sword        |    80 |    32 ||   112
       Headbutt          |     7 |       ||     7
  Use: Scroll            |     2 |       ||     2
Armor: Scale mail        |    36 |    17 ||    53
Dodge: Dodged            |    36 |    23 ||    59
Block: Buckler           |    17 |    12 ||    29
